 Dungeon Sprint DCSS version 0.31-a0-801-gc67433417a (webtiles) character file.

Game seed: 12513543557980890329

20825 Revguard the Grappler (level 12, -9/195 HPs)
             Began as a Troll Shapeshifter on Sept 20, 2023.
             Was the Champion of Qazlal.
             Killed by divine providence
             ... invoked by a daeva
              (15 damage)
             ... in the Dungeon (Sprint V: "Ziggurat Sprint").
             The game lasted 00:21:24 (884 turns).

Revguard the Grappler (Troll Shapeshifter)           Turns: 884, Time: 00:21:26

Health: -9/195     AC: 32    Str: 30    XL:     12   Next: 48%
Magic:  8/15       EV:  9    Int:  1    God:    Qazlal [******]
Gold:   0          SH:  8    Dex: 17    Spells: 11/11 levels left

rFire   + .          .
                       - Unarmed
rCold   + . .        (no shield)
rNeg    . . .        H - +5 gold dragon scales
rPois   +            (helmet currently unavailable)
rElec   +            (cloak currently unavailable)
rCorr   +            (gloves unavailable)
SInv    .            (boots unavailable)
Will    .....        Q - amulet "Hihiroh" {Regen+ Str+2} Stlth
                     P - ring of Wolaurunt {rElec rCorr Str+3 Int-5 Dex+4}
HPRegen 2.12/turn    N - +4 ring of protection
MPRegen 0.14/turn

%: no teleportation, repel missiles
@: berserking (expiring), beast-form, protected from physical damage, glowing,
very quick
A: beast (slay +4), large, unfitting armour, claws 3, regeneration 1, shaggy fur
1, tough skin 1, low MP 1
a: Begin Untransformation, Renounce Religion, Upheaval, Elemental Force,
Disaster Area


You were in the Dungeon.
You worshipped Qazlal.
Qazlal was exalted by your worship.
You were a hulking beast.
You visited 1 branch

Inventory:

Armour
 H - +5 gold dragon scales (worn)
Jewellery
 a - the ring "Unaxt" {Dex+3 SInv}
   (You found it in the Dungeon)

   [ring of see invisible]

   Dex+3:     It affects your dexterity (+3).
   SInv:      It lets you see invisible.
 l - the ring of the Median {rElec rPois rC+ Str+4 Dex+3}
   (You took it off a merfolk aquamancer in the Dungeon)

   [ring of protection from cold]

   Str+4:     It affects your strength (+4).
   Dex+3:     It affects your dexterity (+3).
   rC+:       It protects you from cold.
   rElec:     It insulates you from electricity.
   rPois:     It protects you from poison
 t - a ring of magical power
 u - an amulet of reflection
 v - a +4 ring of protection
 w - an amulet of magic regeneration
 y - the ring of Nabboast {Fly Dex+2 Stlth+}
   (You took it off a merfolk aquamancer in the Dungeon)

   [ring of flight]

   Dex+2:     It affects your dexterity (+2).
   Fly:       It grants you flight.
   Stlth+:    It makes you more stealthy.
 N - a +4 ring of protection (right claw)
 P - the ring of Wolaurunt (left claw) {rElec rCorr Str+3 Int-5 Dex+4}
   (You found it in the Dungeon)

   [ring of resist corrosion]

   Str+3:     It affects your strength (+3).
   Int-5:     It affects your intelligence (-5).
   Dex+4:     It affects your dexterity (+4).
   rElec:     It insulates you from electricity.
   rCorr:     It protects you from acid and corrosion.
 Q - the amulet "Hihiroh" (around neck) {Regen+ Str+2}
   (You found it in the Dungeon)

   [amulet of regeneration]

   Str+2:     It affects your strength (+2).
   Regen+:    It increases your rate of health regeneration.
Talismans
 c - a beast talisman (active)
 d - a flux talisman
 x - a granite talisman
 D - a blade talisman
 E - a maw talisman
 F - a serpent talisman
Wands
 C - a wand of light (5)
 I - a wand of polymorph (8)
 L - a wand of paralysis (14)
 O - a wand of flame (43)
Scrolls
 j - 3 scrolls of blinking
 n - a scroll of brand weapon
 p - 4 scrolls of amnesia
 q - 7 scrolls of fog
 r - 5 scrolls of identify
 s - 2 scrolls of fear
Potions
 b - a potion of lignification
 e - 10 potions of curing
 g - 6 potions of haste
 h - 6 potions of magic
 i - a potion of berserk rage
 k - 2 potions of brilliance
 m - 3 potions of resistance
 o - 5 potions of might
Miscellaneous
 J - a lightning rod (4/4)


   Skills:
 + Level 11.5 Fighting
 + Level 11.4 Armour
 + Level 11.4 Dodging
 + Level 13.6 Unarmed Combat
 + Level 7.7 Invocations
 + Level 10.2 Evocations
 + Level 12.4 Shapeshifting


You had 11 spell levels left.
You didn't know any spells.
Your spell library contained the following spells:

 Spells                   Type           Power      Damage    Failure   Level
 Kiss of Death            Conj/Necr      0%         2d5       100%        1
 Shock                    Conj/Air       0%         1d3       100%        1
 Cigotuvi's Dreadful Rot  Necr/Pois/Air  0%         N/A       100%        2
 Sublimation of Blood     Necr           0%         N/A       100%        2
 Gell's Gravitas          Tloc           0%         N/A       100%        3
 Inner Flame              Hex/Fire       0%         N/A       100%        3
 Mephitic Cloud           Conj/Pois/Air  0%         N/A       100%        3
 Stone Arrow              Conj/Erth      0%         3d7       100%        3
 Summon Guardian Golem    Hex/Summ       0%         N/A       100%        3
 Teleport Other           Tloc           0%         N/A       100%        3
 Dispel Undead            Necr           0%         3d6       100%        4
 Flame Wave               Conj/Fire      0%         2d4       100%        4
 Sticky Flame             Conj/Fire      0%         2d3       100%        4
 Arcjolt                  Conj/Air       0%         1d10      100%        5
 Borgnjor's Vile Clutch   Necr/Erth      0%         N/A       100%        5
 Iskenderun's Battlesphe  Conj           0%         2d6       100%        5
 Conjure Ball Lightning   Conj/Air       0%         3x3d6     100%        6
 Death Channel            Necr           0%         N/A       100%        6
 Dispersal                Tloc           0%         N/A       100%        6
 Leda's Unmaking          Conj/Erth      0%         9d1       100%        6
 Orb of Destruction       Conj           0%         9d5       100%        7
 Spellforged Servitor     Conj/Summ      0%         N/A       100%        7
 Discord                  Hex            0%         N/A       100%        8
 Disjunction              Tloc           0%         N/A       100%        8
 Chain Lightning          Conj/Air       0%         N/A       100%        9
 Fire Storm               Conj/Fire      0%         5d1       100%        9
 Shatter                  Erth           0%         3d5*      100%        9


Dungeon Overview and Level Annotations

Branches:
Dungeon (1/1)

Altars:
Ashenzari
Cheibriados
Dithmenos
Elyvilon
Fedhas
Gozag
Hepliaklqana
Kikubaaqudgha
Makhleb
Nemelex Xobeh
Okawaru
Qazlal
Ru
Sif Muna
Trog
Uskayaw
Vehumet
Wu Jian
Xom
Yredelemnul
Zin
The Shining One
Jiyva
Lugonu


Innate Abilities, Weirdness & Mutations

You are a hulking beast.
Your limbs bulge with bestial killing power. (Slay +4)
You are too large for most types of armour.
You have claws for hands.
Your natural rate of healing is unusually fast.
You are covered in fur. (AC +1)
You have tough skin. (AC +1)
Your magical capacity is low. (-10% MP)


Message History

The daeva blocks your attack. x2
The daeva is moderately wounded.
You scratch the daeva.
The daeva is moderately wounded.
The cherub hits you but does no damage. The cherub closely misses you.
The daeva calls down the wrath of the Shining One upon you.
The Shining One smites you!
* * * LOW HITPOINT WARNING * * *
The daeva blocks your attack.
The daeva is moderately wounded.
You scratch the cherub but do no damage.
The cherub is heavily wounded.
You block the cherub's attack.
The cherub gores you but does no damage.
The daeva blocks your attack.
The daeva is moderately wounded.
The daeva hits you with a +2 eudemon blade of holy wrath!
* * * LOW HITPOINT WARNING * * *
You feel more protected from physical attacks.
The daeva hits you with a +2 eudemon blade of holy wrath!
* * * LOW HITPOINT WARNING * * *
You eviscerate the daeva!!!
The daeva is severely wounded.
The cherub hits you but does no damage.
The cherub gores you but does no damage.
The daeva blocks your attack.
The daeva is severely wounded.
The daeva hits you with a +2 eudemon blade of holy wrath!
* * * LOW HITPOINT WARNING * * *
You block the daeva's attack.
You mangle the daeva!!
The daeva is almost dead.
The daeva blocks your attack.
The daeva is almost dead.
The daeva no longer looks unusually strong.
The cherub sings a powerful hymn!
The daeva goes into a battle-frenzy!
The daeva calls down the wrath of the Shining One upon you.
The Shining One smites you!
You die...

.▓...©....▓...©
▓......A.A..▓▓▓▓▓▓▓▓▓▓▓▓▓▓
▓...........▓...8©8...▓..8
...........▓....))...▓..|
........ .▓...)|"...▓...
▓..... .▓.........▓...
▓▓..°▓▓▓.▓....))...▓...
▓..▓..§§§▓..▓..)).)...▓...
▓.....§.AhA.▓...).....▓...
▓▓▓▓▓▓▓▓▓▓▓▓▓.▓.....▓.▓...
▓.~.~8©8..~~▓....©....▓...
▓~.~|~~|~~..▓▓▓▓▓▓▓▓▓▓▓▓▓▓
▓...[~||~..~▓...8©8...▓..8
▓..~.~...~..▓..)))|[..▓...
▓~~..~.~....▓.....[...▓...
▓.......~...▓.........▓...
▓.........~.▓.........▓...


You could see a daeva (strong) and a cherub.

Vanquished Creatures
  A deep elf master archer (D)
  2 stone giants (D)
  An ophan (D)
  2 merfolk impalers (D)
  2 merfolk javelineers (D)
  A centaur warrior (D)
  3 merfolk aquamancers (D)
  A hell hog (D)
  A thrashing horror (D)
  2 sea snakes (D)
  A necromancer (D)
  2 harpies (D)
  A large abomination (D)
  2 shining eyes (D)
  A merfolk siren (D)
  A smoke demon (D)
  A water nymph (D)
  3 starcursed masses (D)
  3 rime drakes (D)
  2 efreet (D)
  A yaktaur (D)
  A hellwing (D)
  6 merfolk (D)
  A raiju (D)
  A vampire (D)
  A shadow (D)
  A ynoxinul (D)
  A wraith (D)
  A steam dragon (D)
  A naga (D)
  3 floating eyes (D)
  3 hell hounds (D)
  2 centaurs (D)
  2 necrophages (D)
  3 small abominations (D)
  A wight (D)
  2 crimson imps (D)
  An orc priest (D)
  A jelly (D)
  2 iron imps (D)
  3 shadow imps (D)
  A white imp (D)
  An ufetubus (D)
  An adder skeleton (D)
  2 adder zombies (D)
  An orc (D)
  3 ball pythons (D)
  A bat skeleton (D)
  3 bat zombies (D)
  A fire vortex (D)
85 creatures vanquished.

Vanquished Creatures (collateral kills)
  A hell hog (D)
1 creature vanquished.

Vanquished Creatures (others)
  An ophan (D)
  An apis (D)
  A centaur warrior (D)
  2 cyclopes (D)
  A yaktaur (D)
6 creatures vanquished.

Grand Total: 92 creatures vanquished

Notes
Turn   | Place    | Note
-------+----------+-------------------------------------------
     0 | D        | Revguard the Troll Shapeshifter began the quest for the
                  | Orb.
     0 | D        | Reached XP level 1. HP: 18/18 MP: 0/0
     0 | D        | Found a shimmering blue altar of Sif Muna.
     0 | D        | Found a bloodstained altar of Trog.
     0 | D        | Found a sacrificial altar of Ru.
     0 | D        | Found a stormy altar of Qazlal.
     0 | D        | Found an iron altar of Okawaru.
     3 | D        | Found a sparkling altar of Nemelex Xobeh.
     3 | D        | Found a blossoming altar of Fedhas.
     3 | D        | Found the +6 Majin-Bo {spellvamp, MP+6 Int+6}
     3 | D        | Found the +27 heavy crossbow "Sniper" {heavy, Acc+∞ SInv}
     3 | D        | Found the +10 dark maul {heavy}
     3 | D        | Found the +15 Maxwell's patent armour {-Cast -Tele rElec
                  | Will+ rCorr}
     3 | D        | Found the +18 shield of the Gong {Loud rN+ Will+ rCorr
                  | EV-5}
     3 | D        | Found the +16 obsidian axe {drain, demonic, Mesm Drain Fly
                  | SInv}
     3 | D        | Found the +7 great mace "Firestarter" {flame, immolate,
                  | rFlCloud rF++}
     3 | D        | Found the +6 shillelagh "Devastator" {shatter}
     3 | D        | Found the +11 plutonium sword {Contam Stlth-}
     3 | D        | Found the +8 lance "Wyrmbane" {slay drac, rPois rF+ rC+
                  | AC+3}
     3 | D        | Found the +9 sword of Zonguldrok {reap}
     3 | D        | Found the +13 scythe of Curses {drain, curses, Drain}
     3 | D        | Found the +9 sword of Power {lifebolt}
     3 | D        | Found the +7 mace of Variability {chaos, chaos arc}
     3 | D        | Found the +11 Singing Sword {sonic wave}
     3 | D        | Found the +8 storm bow {elec, penet}
     5 | D        | Found a transporter.
     5 | D        | Found an ancient bone altar of Kikubaaqudgha.
     5 | D        | Found a viscous altar of Jiyva.
     5 | D        | Found a corrupted altar of Lugonu.
     5 | D        | Found a hazy altar of Hepliaklqana.
     5 | D        | Found a burning altar of Makhleb.
     5 | D        | Found an opulent altar of Gozag.
    25 | D        | Became a worshipper of Qazlal Stormbringer
    64 | D        | Reached skill level 4 in Unarmed Combat
    64 | D        | Reached skill level 1 in Evocations
    64 | D        | Reached XP level 2. HP: 29/29 MP: 1/1
    74 | D        | Entered arena 2.
    74 | D        | Found a transporter.
    82 | D        | Reached XP level 3. HP: 36/36 MP: 2/2
    90 | D        | Entered arena 3.
    90 | D        | Noticed a wight
    90 | D        | Noticed a necrophage
    90 | D        | Found a transporter.
    92 | D        | Reached * piety under Qazlal
    96 | D        | Killed a necrophage
    97 | D        | Reached skill level 5 in Unarmed Combat
    97 | D        | Reached XP level 4. HP: 45/45 MP: 3/3
   102 | D        | Reached skill level 5 in Shapeshifting
   102 | D        | Reached XP level 5. HP: 53/54 MP: 4/4
   122 | D        | Entered arena 4.
   122 | D        | Noticed a naga
   122 | D        | Found a transporter.
   124 | D        | Reached ** piety under Qazlal
   130 | D        | Killed a naga
   131 | D        | Reached skill level 6 in Unarmed Combat
   141 | D        | Entered arena 5.
   141 | D        | Noticed a steam dragon
   141 | D        | Noticed a rime drake
   141 | D        | Noticed a rime drake
   141 | D        | Noticed a rime drake
   141 | D        | Found a transporter.
   150 | D        | Killed a steam dragon
   150 | D        | Reached *** piety under Qazlal
   151 | D        | Reached skill level 5 in Dodging
   151 | D        | Reached XP level 6. HP: 9/65 MP: 5/5
   152 | D        | Killed a rime drake
   152 | D        | Killed a rime drake
   153 | D        | Reached skill level 5 in Fighting
   153 | D        | Reached skill level 5 in Armour
   153 | D        | Reached skill level 7 in Unarmed Combat
   153 | D        | Reached skill level 5 in Evocations
   153 | D        | Reached XP level 7. HP: 11/74 MP: 6/6
   153 | D        | Killed a rime drake
   166 | D        | Got the +0 cloak "Fyickuij" {SInv}
   211 | D        | Entered arena 6.
   211 | D        | Noticed a starcursed mass
   211 | D        | Noticed a raiju
   211 | D        | Noticed a wraith
   211 | D        | Found a transporter.
   217 | D        | Killed a wraith
   217 | D        | Reached **** piety under Qazlal
   218 | D        | Reached skill level 8 in Unarmed Combat
   218 | D        | Reached XP level 8. HP: 25/83 MP: 7/7
   220 | D        | Killed a starcursed mass
   220 | D        | Killed a starcursed mass
   223 | D        | Killed a raiju
   226 | D        | Killed a starcursed mass
   226 | D        | Reached ***** piety under Qazlal
   227 | D        | Reached skill level 9 in Unarmed Combat
   269 | D        | Entered arena 7.
   269 | D        | Noticed a shining eye
   269 | D        | Noticed a shining eye
   269 | D        | Gained mutation: Your magical capacity is low. (-10% MP) [a
                  | shining eye]
   271 | D        | Killed a shining eye
   271 | D        | Killed a shining eye
   271 | D        | Paralysed by a floating eye for 2 turns
   272 | D        | Reached XP level 9. HP: 96/96 MP: 7/7
   273 | D        | Found a transporter.
   288 | D        | Entered arena 8.
   288 | D        | Noticed a smoke demon
   288 | D        | Noticed a thrashing horror
   299 | D        | Killed a thrashing horror
   299 | D        | Reached ****** piety under Qazlal
   300 | D        | Reached skill level 10 in Unarmed Combat
   307 | D        | Killed a smoke demon
   308 | D        | Reached XP level 10. HP: 62/104 MP: 8/8
   317 | D        | Found a transporter.
   324 | D        | Got the ring of Wolaurunt {rElec rCorr Str+3 Int-5 Dex+4}
   350 | D        | Entered arena 9.
   351 | D        | Found a transporter.
   378 | D        | Got the amulet "Hihiroh" {Regen+ Str+2}
   384 | D        | Got the amulet of Ashenzari's Wrath {Acrobat Int+3}
   442 | D        | Entered arena 10.
   442 | D        | Noticed a hell hog
   442 | D        | Noticed a hell hog
   444 | D        | Found a transporter.
   448 | D        | Killed a hell hog
   449 | D        | Reached skill level 11 in Unarmed Combat
   449 | D        | Reached skill level 1 in Invocations
   449 | D        | Reached skill level 10 in Shapeshifting
   450 | D        | Killed a hell hog
   551 | D        | Entered arena 11.
   551 | D        | Noticed a large abomination
   567 | D        | Killed a large abomination
   568 | D        | Reached XP level 11. HP: 115/115 MP: 11/11
   579 | D        | Found a transporter.
   592 | D        | Got the ring "Unaxt" {Dex+3 SInv}
   597 | D        | Got the Compendium of the Impact and the Cumulonimbus
   600 | D        | Entered arena 12.
   600 | D        | Noticed a necromancer
   610 | D        | Found a transporter.
   613 | D        | Killed a necromancer
   635 | D        | Got the Quarto of Profane Rites and Geology
   644 | D        | Entered arena 13.
   644 | D        | Noticed a centaur warrior
   644 | D        | Noticed a merfolk javelineer
   644 | D        | Noticed a merfolk javelineer
   644 | D        | Noticed a centaur warrior
   645 | D        | Noticed a deep elf master archer
   645 | D        | Noticed a stone giant
   645 | D        | Noticed a stone giant
   646 | D        | Found a transporter.
   654 | D        | Killed a centaur warrior
   654 | D        | Killed a centaur warrior
   655 | D        | Reached skill level 12 in Unarmed Combat
   657 | D        | Killed a merfolk javelineer
   657 | D        | Killed a stone giant
   658 | D        | Reached skill level 10 in Fighting
   658 | D        | Reached skill level 10 in Armour
   658 | D        | Reached skill level 10 in Dodging
   659 | D        | Killed a merfolk javelineer
   660 | D        | Reached skill level 5 in Invocations
   663 | D        | Killed a stone giant
   671 | D        | Killed a deep elf master archer
   733 | D        | Entered arena 14.
   733 | D        | Noticed a harpy
   733 | D        | Noticed a sea snake
   733 | D        | Noticed a harpy
   733 | D        | Noticed a sea snake
   734 | D        | Noticed a merfolk impaler
   734 | D        | Noticed a merfolk aquamancer
   735 | D        | Identified the ring of the Median {rElec rPois rC+ Str+4
                  | Dex+3}
   735 | D        | Noticed a merfolk aquamancer
   737 | D        | Identified the +7 sling of the Hammering Lamprey {flame,
                  | Fragile rF+++ rC- Int+7}
   741 | D        | Killed a harpy
   741 | D        | Noticed a merfolk impaler
   744 | D        | Identified the ring of Nabboast {Fly Dex+2 Stlth+}
   744 | D        | Noticed a merfolk aquamancer
   747 | D        | Killed a sea snake
   749 | D        | Killed a sea snake
   750 | D        | Reached XP level 12. HP: 59/128 MP: 12/14
   750 | D        | Killed a merfolk aquamancer
   751 | D        | Reached skill level 13 in Unarmed Combat
   759 | D        | Killed a merfolk aquamancer
   765 | D        | Killed a merfolk impaler
   766 | D        | Killed a merfolk aquamancer
   779 | D        | Killed a merfolk impaler
   780 | D        | Reached skill level 10 in Evocations
   788 | D        | Found a transporter.
   848 | D        | Entered arena 15.
   848 | D        | Noticed an ophan
   848 | D        | Noticed an ophan
   848 | D        | Noticed an apis
   849 | D        | Noticed a daeva
   855 | D        | Killed an ophan
   857 | D        | Killed an apis
   861 | D        | Killed an ophan
   880 | D        | HP: 9/195 [daeva/+2 eudemon blade of holy wrath (16)]
   882 | D        | HP: 4/195 [daeva/+2 eudemon blade of holy wrath (7)]
   884 | D        | Killed from afar by a daeva

Illustrated notes

Levels and vault maps discovered:
D:        sprint_v [room_start, room_1, room_2, room_3, room_4, room_5, room_6,
          room_7, room_8, room_9, room_10, room_11, room_12, room_13, room_14,
          room_15, room_16, room_17, room_18, room_19, room_20, room_21,
          room_22, room_23, room_24, room_25, room_26, room_27]

Skill      XL: |  1  2  3  4  5  6  7  8  9 10 11 12 |
---------------+-------------------------------------+-----
Fighting       | 2 3 4 5 6 7 8 9 10 11 | 11.5
Armour         | 2 3 4 5 6 7 8 9 10 11 | 11.4
Dodging        | 2 3 4 5 6 8 9 10 11 | 11.4
Unarmed Combat | 4 5 6 7 8 9 10 11 12 13 | 13.6
Evocations     | 1 2 3 4 5 6 7 8 9 10 | 10.2
Shapeshifting  | 4 5 6 7 8 9 10 11 12 | 12.4
Invocations    | 3 6 7 |  7.7

Action                     |  1- 3 |  4- 6 |  7- 9 | 10-12 || total
---------------------------+-------+-------+-------+-------++-------
  Melee: Unarmed           |    13 |    19 |    26 |   117 ||   175
         Punch             |       |     1 |       |    10 ||    11
 Invoke: Upheaval          |       |       |       |     4 ||     4
         Elemental Force   |       |       |       |     3 ||     3
  Evoke: Wand              |       |     3 |     9 |    22 ||    34
    Use: Potion            |     1 |       |     1 |    19 ||    21
         Scroll            |       |     1 |       |       ||     1
   Stab: Invisible         |       |       |       |     2 ||     2
 Armour: Gold dragon scale |    15 |    41 |    43 |   284 ||   383
  Dodge: Dodged            |     5 |     8 |    10 |   121 ||   144
         Repelled          |       |       |     1 |     1 ||     2
  Block: Other             |       |       |     9 |    94 ||   103
   Form: Blade             |       |       |       |     2 ||     2
         Beast             |       |       |       |     2 ||     2
         Statue            |       |       |       |     1 ||     1

Table legend: (Time is in decaauts)
 A = Elapsed time spent in this place.
 B = Non-inter-level travel time spent in this place.
 C = Inter-level travel time spent in this place.
 D = Time resting spent in this place.
 E = Time spent auto-exploring this place.
 F = Levels seen in this place.
 G = Mean time per level.
                   A        B        C        D        E       F      G
               +--------+--------+--------+--------+--------+-----+--------+
         Total |    864 |    864 |      0 |    133 |     90 |   1 |  864.0 |
       Dungeon |    864 |    864 |      0 |    133 |     90 |   1 |  864.0 |
               +--------+--------+--------+--------+--------+-----+--------+

Top non-repeatable levels by time:
       D: 864 daAuts
